 Dungeon Crawl Stone Soup version 0.22.1-2-g9c5b331 (webtiles) character file.

44 Malhgor the Slasher (level 3, 0/29 HPs)
             Began as a Human Fighter on Jan 1, 2019.
             Slain by a gnoll
             ... wielding a +0 whip
              (5 damage)
             ... on level 2 of the Dungeon.
             The game lasted 00:04:28 (1040 turns).

Malhgor the Slasher (Human Fighter)                 Turns: 1040, Time: 00:04:29

Health: 0/29       AC:  6    Str: 12 (14) XL:     3   Next: 87%
Magic:  3/3        EV:  8    Int:  6 (8)  God:
Gold:   35         SH:  0    Dex: 16 (19) Spells: 2/2 levels left

rFire    . . .     SeeInvis .   a - +0 long sword
rCold    . . .     Gourm    .   (no shield)
rNeg     . . .     Faith    .   b - +0 scale mail
rPois    .         Spirit   .   (no helmet)
rElec    .         Reflect  .   (no cloak)
rCorr    +         Harm     .   (no gloves)
MR       .....     Rnd*Rage +   (no boots)
Stlth    ..........             (no amulet)
HPRegen  0.09/turn              h - +6 ring of dexterity
MPRegen  0.08/turn              j - ring of resist corrosion

@: no status effects
A: berserk 2, weak 1, MP-powered wands
a: no special abilities


You were on level 2 of the Dungeon.
You were not hungry.

You visited 1 branch of the dungeon, and saw 2 of its levels.

You collected 35 gold pieces.

Inventory:

Hand Weapons
 a - a +0 long sword (weapon)
Missiles
 e - 34 stones (quivered)
Armour
 b - a +0 scale mail (worn)
 c - a +0 shield
Jewellery
 h - a +6 ring of dexterity (left hand)
 j - a ring of resist corrosion (right hand)
Scrolls
 i - a scroll of magic mapping {unknown}
 l - a scroll of teleportation {unknown}
 m - 2 scrolls of identify {unknown}
 n - a scroll of noise {unknown}
Potions
 d - a potion of might
 k - a potion of heal wounds
 o - a potion of mutation
 p - a potion of curing
Comestibles
 f - 2 rations


   Skills:
 - Level 3.0 Fighting
 * Level 3.5 Long Blades
 - Level 3.0 Armour
 - Level 3.4 Shields


You had 2 spell levels left.
You didn't know any spells.
Your spell library was empty.

Dungeon Overview and Level Annotations

Branches:
Dungeon (2/15)

Altars:
Ashenzari

Annotations:
D:1 Done


Innate Abilities, Weirdness & Mutations

You often lose your temper in combat.
You are weak. (Str -2)
You expend magic power (3 MP) to strengthen your wands.


Message History

The quokka closely misses you.
You hit the quokka.
You kill the quokka!
The gnoll barely misses you.
You riposte.
You barely miss the gnoll. You barely miss the gnoll.
The gnoll hits you with a whip.
You hit the gnoll but do no damage. The gnoll hits you with a whip!
You closely miss the gnoll. The gnoll hits you with a whip.
You hit the gnoll.
The gnoll is moderately wounded.
The gnoll hits you with a whip.
You hit the gnoll.
The gnoll is heavily wounded.
The gnoll barely misses you.
You riposte.
You hit the gnoll.
The gnoll is heavily wounded.
The gnoll hits you with a whip.
* * * LOW HITPOINT WARNING * * *
You hit the gnoll.
The gnoll is almost dead.
The gnoll hits you with a whip.
You die...

# .#
#.##
##...#
#<# #@#
#g#
#.#g..#
#..
#.##
.... .#
###.. .
.#. ##
.### .


You could see 2 gnolls.

Vanquished Creatures
  2 gnolls
  2 dart slugs (D:1)
  4 bats (D:1)
  2 hobgoblins (D:1)
  A kobold (D:1)
  A quokka (D:2)
  A frilled lizard (D:1)
  5 goblins (D:1)
  2 rats (D:1)
20 creatures vanquished.

Notes
Turn   | Place    | Note
-------+----------+-------------------------------------------
     0 | D:1      | Malhgor the Human Fighter began the quest for the Orb.
     0 | D:1      | Reached XP level 1. HP: 18/18 MP: 1/1
     2 | D:1      | Noticed a vampire
     2 | D:1      | Noticed an octopode
     9 | D:1      | Noticed a minotaur
    11 | D:1      | Noticed a felid
    11 | D:1      | Noticed a draconian
    13 | D:1      | Noticed a vine stalker
    15 | D:1      | Noticed a human
    15 | D:1      | Noticed a gargoyle
    17 | D:1      | Noticed a merfolk
    17 | D:1      | Noticed a dwarf
    19 | D:1      | Noticed an ogre
    19 | D:1      | Noticed a troll
    21 | D:1      | Noticed a halfling
    21 | D:1      | Noticed a ghoul
    23 | D:1      | Noticed a naga
    25 | D:1      | Noticed a spriggan
    25 | D:1      | Noticed an elf
    27 | D:1      | Noticed a centaur
    29 | D:1      | Noticed a demonspawn
    29 | D:1      | Noticed a formicid
    31 | D:1      | Noticed a tengu
    31 | D:1      | Noticed a demigod
   162 | D:1      | Reached XP level 2. HP: 19/24 MP: 2/2
   314 | D:1      | Found a shattered altar of Ashenzari.
   386 | D:1      | Reached XP level 3. HP: 24/29 MP: 3/3
   801 | D:1      | Gained mutation: You tend to lose your temper in combat.
                  | [potion of mutation]
   801 | D:1      | Gained mutation: You are weak. (Str -2) [potion of
                  | mutation]
   801 | D:1      | Gained mutation: You often lose your temper in combat.
                  | [potion of mutation]
   801 | D:1      | Gained mutation: You expend magic power (3 MP) to
                  | strengthen your wands. [potion of mutation]
  1040 | D:2      | Slain by a gnoll

Skill      XL: |  1  2  3 |
---------------+----------+-----
Long Blades    | 3 |  3.5
Fighting       | |  3.0
Armour         | |  3.0
Shields        | |  3.4

Action                   || total
-------------------------++-------
Melee: Long sword        ||    51
  Use: Potion            ||     5
Armor: Scale mail        ||    33
Dodge: Dodged            ||    22
       Rpst.: Long sword ||     8
